 Dungeon Crawl Stone Soup version 0.30-a0-996-ga6910c8ee8 (webtiles) character file.

Game seed: 386176459528510084

51 arthad the Prestidigitator (level 3, 0/26 HPs)
             Began as a Gnoll Wanderer on Apr 5, 2023.
             Slain by a quokka (4 damage)
             ... on level 2 of the Dungeon.
             The game lasted 00:03:44 (1434 turns).

arthad the Prestidigitator (Gnoll Wanderer)         Turns: 1434, Time: 00:03:45

Health: 0/26       AC:  3    Str: 10    XL:     3   Next: 81%
Magic:  1/7        EV: 11    Int: 18    God:
Gold:   126        SH:  0    Dex:  7    Spells: 6/7 levels left

rFire   . . .      SeeInvis .    a - +0 dagger
rCold   . . .      Faith    .    (no shield)
rNeg    . . .      Spirit   .    e - +0 robe
rPois   .          Reflect  .    (no helmet)
rElec   .          Rampage  .    (no cloak)
rCorr   .                        (no gloves)
Will    .....                    h - +0 pair of boots
Stlth   +                        (no amulet)
HPRegen 0.24/turn                (no ring)
MPRegen 0.10/turn                (no ring)

@: no status effects
A: fangs 1, strong nose, distributed training
a: no special abilities


You were on level 2 of the Dungeon.
You visited 1 branch of the dungeon, and saw 2 of its levels.

You collected 126 gold pieces.

Inventory:

Hand Weapons
 a - a +0 dagger (weapon)
 b - a +0 morningstar
Missiles
 o - 6 poisoned darts (quivered)
Armour
 e - a +0 robe (worn)
 h - a +0 pair of boots (worn)
Jewellery
 m - an amulet of guardian spirit
 r - an amulet of faith
Wands
 c - a wand of quicksilver (3)
Scrolls
 d - 2 scrolls of blinking
 f - 4 scrolls of teleportation {unknown}
 i - a scroll of noise {unknown}
 n - a scroll of enchant weapon {unknown}
 p - a scroll of vulnerability {unknown}
 q - a scroll of identify {unknown}
Potions
 g - a potion of degeneration {unknown}
 j - a potion of might {unknown}
 k - a potion of curing {unknown}
 l - a potion of heal wounds {unknown}


   Skills:
 + Level 1.0 Fighting
 + Level 1.0 Short Blades
 + Level 1.0 Long Blades
 + Level 1.0 Axes
 + Level 1.0 Maces & Flails
 + Level 1.0 Polearms
 + Level 1.0 Staves
 + Level 1.0 Ranged Weapons
 + Level 2.7 Throwing
 + Level 2.7 Armour
 + Level 1.0 Dodging
 + Level 1.0 Stealth
 + Level 1.0 Shields
 + Level 1.0 Unarmed Combat
 + Level 2.9 Spellcasting
 + Level 0.7 Conjurations
 + Level 0.7 Hexes
 + Level 0.7 Summonings
 + Level 0.7 Necromancy
 + Level 0.7 Translocations
 + Level 0.7 Transmutations
 + Level 0.7 Fire Magic
 + Level 3.8 Ice Magic
 + Level 0.7 Air Magic
 + Level 0.7 Earth Magic
 + Level 0.7 Poison Magic
 + Level 1.1 Invocations
 + Level 10.4 Evocations


You had 6 spell levels left.
You knew the following spells:

 Your Spells              Type           Power      Damage    Failure   Level
a - Freeze                Ice            64%        1d7       3%          1

Your spell library contained the following spells:

 Spells                   Type           Power      Damage    Failure   Level
 Frozen Ramparts          Ice            32%        1d5       11%         3
 Dazzling Flash           Conj/Hex       10%        N/A       36%         3
 Iskenderun's Mystic Bla  Conj/Tloc      5%         2d3       77%         4
 Starburst                Conj/Fire      2%         6d3       100%        6


Dungeon Overview and Level Annotations

Branches:
Dungeon (2/15)

Altars:


Innate Abilities, Weirdness & Mutations

You have very sharp teeth.
Your uncanny sense of smell can sniff out nearby items.
Your experience applies equally to all skills.


Message History

Aiming: Freeze (safe; 3% risk of failure)
Press: ? - help, Shift-Dir - straight line, f/p - adder
Aim: an adder (almost dead)
You freeze the adder!
You kill the adder!
The quokka bites you.
* * * LOW HITPOINT WARNING * * *
Your Fighting skill increases to level 1!
Your Short Blades skill increases to level 1!
Your Long Blades skill increases to level 1!
Your Axes skill increases to level 1!
Your Maces & Flails skill increases to level 1!
Your Polearms skill increases to level 1!
Your Staves skill increases to level 1!
Your Ranged Weapons skill increases to level 1!
Your Dodging skill increases to level 1!
Your Stealth skill increases to level 1!
Your Shields skill increases to level 1!
Your Unarmed Combat skill increases to level 1!
Casting: Freeze (safe; 3% risk of failure)
Confirm with . or Enter, or press ? or * to list all spells.
You don't have enough magic to cast this spell.
Unknown command.
You are too injured to fight recklessly!
You are too injured to fight recklessly!
You hit the quokka. Your bite misses the quokka.
The quokka is lightly wounded.
The quokka twitches its whiskers.
The quokka bites you.
* * * LOW HITPOINT WARNING * * *
You barely miss the quokka.
The quokka is lightly wounded.
The quokka closely misses you.
You hit the quokka but do no damage.
The quokka is lightly wounded.
The quokka barely misses you. The quokka closely misses you.
You barely miss the quokka. You bite the quokka, but do no damage.
The quokka is lightly wounded.
The quokka bites you.
You die...

.......###...
#.#...#### ######.
#...#..#..#......# #
..#.#. ..........#
#.. .#.#.......##<#
#.####.##.##...#..#
#. #.......#..#...#
+.......#.#....####
###.......#.........#
......r@..###...###.#
∆ ......†##.....#.#
#.# ....... #####.#.#
#.# .<.....
#.#.###.#### .......
####.#.........
.......
#.......##.###.
.......
#.##.......#...
.......
#.##.#######.##
#..........#.#


You could see a quokka.

Vanquished Creatures
  An adder (D:2)
  2 dart slugs (D:2)
  6 bats
  3 endoplasms
  3 goblins
  3 hobgoblins
  3 jackals (D:2)
  6 ball pythons
  2 frilled lizards
  7 kobolds
  2 rats (D:2)
38 creatures vanquished.

Notes
Turn   | Place    | Note
-------+----------+-------------------------------------------
     0 | D:1      | Reached skill level 10 in Evocations
     0 | D:1      | arthad the Gnoll Wanderer began the quest for the Orb.
     0 | D:1      | arthad set off with the following items: a +0 dagger, 11
                  | poisoned darts, a wand of quicksilver (3), a scroll of
                  | blinking, a +0 robe; and the following spell memorised:
                  | Freeze; and the following spells available to memorise:
                  | Frozen Ramparts.
     0 | D:1      | Reached XP level 1. HP: 13/13 MP: 4/4
   182 | D:1      | Found a faded altar of an unknown god.
   229 | D:1      | Reached XP level 2. HP: 8/19 MP: 2/5
  1080 | D:2      | Reached XP level 3. HP: 20/25 MP: 7/7
  1182 | D:2      | Reached skill level 1 in Invocations
  1431 | D:2      | Reached skill level 1 in Fighting
  1431 | D:2      | Reached skill level 1 in Short Blades
  1431 | D:2      | Reached skill level 1 in Long Blades
  1431 | D:2      | Reached skill level 1 in Axes
  1431 | D:2      | Reached skill level 1 in Maces & Flails
  1431 | D:2      | Reached skill level 1 in Polearms
  1431 | D:2      | Reached skill level 1 in Staves
  1431 | D:2      | Reached skill level 1 in Ranged Weapons
  1431 | D:2      | Reached skill level 1 in Dodging
  1431 | D:2      | Reached skill level 1 in Stealth
  1431 | D:2      | Reached skill level 1 in Shields
  1431 | D:2      | Reached skill level 1 in Unarmed Combat
  1434 | D:2      | Slain by a quokka

Illustrated notes

Levels and vault maps discovered:
D:1:      dpeg_arrival_court, layout_loops_ring,
          hellmonk_ecumenical_altar_pennies_from_heaven
D:2:      minmay_general_purpose_star, layout_basic,
          kennysheep_decorative_pillar, dreamdust_wishing_well,
          nicolae_figureground_pulse

Skill      XL: |  1  2  3 |
---------------+----------+-----
Evocations     | | 10.4
Invocations    | 1 |  1.1
Fighting       | 1 |  1.0
Short Blades   | 1 |  1.0
Long Blades    | 1 |  1.0
Axes           | 1 |  1.0
Maces & Flails | 1 |  1.0
Polearms       | 1 |  1.0
Staves         | 1 |  1.0
Ranged Weapons | 1 |  1.0
Dodging        | 1 |  1.0
Stealth        | 1 |  1.0
Shields        | 1 |  1.0
Unarmed Combat | 1 |  1.0
Throwing       | |  2.7
Armour         | |  2.7
Spellcasting   | |  2.9
Conjurations   | |  0.7
Hexes          | |  0.7
Summonings     | |  0.7
Necromancy     | |  0.7
Translocations | |  0.7
Transmutations | |  0.7
Fire Magic     | |  0.7
Ice Magic      | |  3.8
Air Magic      | |  0.7
Earth Magic    | |  0.7
Poison Magic   | |  0.7

Action                     || total
---------------------------++-------
  Melee: Dagger            ||    77
         Bite              ||     9
  Throw: Dart              ||    71
   Cast: Freeze            ||    28
 Armour: Robe              ||    29
  Dodge: Dodged            ||    73

Table legend: (Time is in decaauts)
 A = Elapsed time spent in this place.
 B = Non-inter-level travel time spent in this place.
 C = Inter-level travel time spent in this place.
 D = Time resting spent in this place.
 E = Time spent auto-exploring this place.
 F = Levels seen in this place.
 G = Mean time per level.
                   A        B        C        D        E       F      G
               +--------+--------+--------+--------+--------+-----+--------+
         Total |   1424 |   1343 |     81 |      0 |   1092 |   2 |  712.0 |
       Dungeon |   1424 |   1343 |     81 |      0 |   1092 |   2 |  712.0 |
               +--------+--------+--------+--------+--------+-----+--------+

Top non-repeatable levels by time:
     D:1: 939 daAuts
     D:2: 485 daAuts
